 Dungeon Crawl Stone Soup version 0.30-a0-161-gdd60e06945 (webtiles) character file.

Game seed: 17691484399695574459

23 qw the Shield-Bearer (level 3, -7/23 HPs)
             Began as a Gargoyle Fighter on Sept 27, 2022.
             Killed from afar by Sigmund (14 damage)
             ... with a bolt of dispelling energy
             ... on level 2 of the Dungeon.
             The game lasted 00:00:21 (1307 turns).

qw the Shield-Bearer (Gargoyle Fighter)             Turns: 1307, Time: 00:00:21

Health: -7/23      AC: 10    Str: 21    XL:     3   Next: 0%
Magic:  3/3        EV:  9    Int:  8    God:
Gold:   95         SH:  4    Dex:  9    Spells: 2/2 levels left

rFire   . . .      SeeInvis .    Y - +0 war axe
rCold   . . .      Faith    .    c - +0 buckler
rNeg    + . .      Spirit   .    b - +0 scale mail
rPois   inf        Reflect  .    (no helmet)
rElec   +          Harm     .    (no cloak)
rCorr   .          Rampage  .    (no gloves)
Will    .....                    (no boots)
Stlth   ..........               (no amulet)
HPRegen 0.07/turn                (no ring)
MPRegen 0.08/turn                (no ring)

@: no status effects
A: sickness immunity, AC +3, negative energy resistance 1, electricity
resistance, torment resistance 1, petrification resistance
a: no special abilities


You were on level 2 of the Dungeon.
You visited 1 branch of the dungeon, and saw 2 of its levels.

You collected 95 gold pieces.


Innate Abilities, Weirdness & Mutations

You are immune to sickness and miasma.
Your stone body is resilient. (AC +3)
You are immune to poison.
You resist negative energy. (rN+)
You are resistant to electric shocks. (rElec)
You are resistant to unholy torment.
You are immune to petrification.


   Skills:
 - Level 3.2 Fighting
 + Level 3.0 Axes
 - Level 3.2 Armour
 - Level 3.2 Shields


You had 2 spell levels left.
You didn't know any spells.
Your spell library was empty.

Inventory:

Hand Weapons
 e - a +0 club
 Y - a +0 war axe (weapon)
Armour
 b - a +0 scale mail (worn)
 c - a +0 buckler (worn)
Scrolls
 a - a scroll of identify {unknown}
Potions
 d - a potion of might
 f - a potion of lignification {unknown}

Dungeon Overview and Level Annotations

Branches:
Dungeon (2/15)

Altars:

Annotations:
D:2 Sigmund


Message History

Enter note: You see here a +0 robe.
Found 2 stones.
You see here 2 stones.
Sigmund the Dreaded comes into view.
He is wielding a +0 scythe and carrying a wand of quicksilver (8).
Sigmund shouts!
You hear a shout! x3
A goblin comes into view. It is wielding a +0 dagger.
1298 ||| Stepping ~*~*~tactically~*~*~ (hiding).
1299 ||| Stepping ~*~*~tactically~*~*~ (hiding).
You start waiting.
Sigmund is nearby!
A goblin comes into view. It is wielding a +0 club.
You block Sigmund's attack.
The goblin shouts!
You slash Sigmund!
Sigmund is moderately wounded.
A hobgoblin comes into view.
Sigmund zaps a wand.
The bolt of dispelling energy hits you!
A hobgoblin comes into view. x2
The hobgoblin moves out of view.
You barely miss Sigmund.
Sigmund is moderately wounded.
The hobgoblin shouts!
Sigmund points at you and mumbles some strange words.
You are confused.
A hobgoblin comes into view.
You closely miss Sigmund.
Sigmund is moderately wounded.
The hobgoblin shouts!
You hear a shout! x3
Sigmund zaps a wand.
The bolt of dispelling energy hits you.
Your magical effects are unravelling.
Sigmund hits you with a +0 scythe.
You bump into the rock wall.
You feel less confused.
You slash Sigmund!
Sigmund is heavily wounded.
A hobgoblin comes into view.
Sigmund zaps a wand.
The bolt of dispelling energy hits you!
Ouch! That really hurt!
You die...

#.# #.# #..##
#.###########)## #....
#.##...........## ##.##
#.##.#.####.....## #.#
#........##....#.#########(#
####.#.#...................#
#.%........##.###########
###.#####..#### #......@.#
########@# #g# #g# .g# ..#
.g# g..g


You could see Sigmund, 3 hobgoblins and 2 goblins.

Vanquished Creatures
  4 bats
  An endoplasm (D:1)
  A goblin (D:2)
  8 jackals (D:1)
  2 kobolds
  A quokka (D:1)
  A frilled lizard (D:1)
18 creatures vanquished.

Notes
Turn   | Place    | Note
-------+----------+-------------------------------------------
     0 | D:1      | qw the Gargoyle Fighter began the quest for the Orb.
     0 | D:1      | Reached XP level 1. HP: 14/14 MP: 1/1
     0 | D:1      | 0 ||| qw: Version: 0.2-a-10-g37ed214
     0 | D:1      | 0 ||| qw: Game counter: 698
     0 | D:1      | 0 ||| qw: Always use a shield: true
     0 | D:1      | 0 ||| qw: God list: Okawaru
     0 | D:1      | 0 ||| qw: Allow faded altars: false
     0 | D:1      | 0 ||| qw: Do Orc after D:15 true
     0 | D:1      | 0 ||| qw: Do second Lair branch before Depths: true
     0 | D:1      | 0 ||| qw: Lair rune preference: random
     0 | D:1      | 0 ||| qw: Plans: Normal, Zot:1-4, God:TSO, Crypt, Tomb,
                  | Pan, Slime:5, Hells, Abyss, Orb
     0 | D:1      | 0 ||| PLANNING D:1-11
   145 | D:1      | 145 ||| Stepping ~*~*~tactically~*~*~ (stealth).
   152 | D:1      | 152 ||| Stepping ~*~*~tactically~*~*~ (stealth).
   193 | D:1      | 193 ||| Stepping ~*~*~tactically~*~*~ (stealth).
   203 | D:1      | Reached XP level 2. HP: 15/19 MP: 2/2
   400 | D:1      | Found a faded altar of an unknown god.
   913 | D:1      | 913 ||| Stepping ~*~*~tactically~*~*~ (stealth).
   984 | D:1      | 984 ||| READING scroll labelled ZAEMARUNAO.
  1085 | D:1      | 1085 ||| READING 2 scrolls labelled DIMUNG KULITAE.
  1086 | D:1      | 1086 ||| DROPPING scroll of fear.
  1129 | D:2      | Reached skill level 3 in Axes
  1199 | D:2      | Reached XP level 3. HP: 23/23 MP: 3/3
  1297 | D:2      | Noticed Sigmund
  1298 | D:2      | 1298 ||| Stepping ~*~*~tactically~*~*~ (hiding).
  1299 | D:2      | 1299 ||| Stepping ~*~*~tactically~*~*~ (hiding).
  1307 | D:2      | Killed from afar by Sigmund

Levels and vault maps discovered:
D:1:      dpeg_arrival_castle, layout_loops_ring,
          shapermc_ecumenical_altar_mp_vishouse, minmay_statues_item
D:2:      layout_loops_corners, minmay_fractal_squares_gapless_5, uniq_natasha,
          uniq_sigmund, uniq_robin

Skill      XL: |  1  2 |
---------------+-------+-----
Axes           | 2 3 |  3.0
Fighting       | |  3.2
Armour         | |  3.2
Shields        | |  3.2

Action                   || total
-------------------------++-------
Melee: War axe           ||    68
  Use: Scroll            ||     2
Armor: Scale mail        ||    36
Dodge: Dodged            ||    40
Block: Buckler           ||    17

Table legend:
 A = Non-vault XP
 B = Vault XP
 C = Vault XP percentage of total XP
 D = Non-vault monster count
 E = Vault monster count
 F = Vault count percentage of total count
                 A         B        C        D         E       F
            +---------+---------+-------+---------+---------+-------
      Total |      34 |       0 |   0.0 |      18 |       0 |   0.0
            +---------+---------+-------+---------+---------+-------
        D:1 |      27 |       0 |   0.0 |      14 |       0 |   0.0
        D:2 |       7 |       0 |   0.0 |       4 |       0 |   0.0
            +---------+---------+-------+---------+---------+-------
